 Dungeon Crawl Stone Soup version 0.21.1-1-g345015fe64 (webtiles) character file.

2461 Ivernyr the Archer (level 9, -10/75 HPs)
             Began as a Centaur Arcane Marksman on Mar 25, 2018.
             Mangled by a wyvern (13 damage)
             ... on level 6 of the Dungeon.
             The game lasted 00:29:35 (9616 turns).

Ivernyr the Archer (Centaur Arcane Marksman)        Turns: 9616, Time: 00:29:36

Health: -10/75     AC:  9    Str: 12    XL:     9   Next: 26%
Magic:  0/10       EV:  8    Int: 12    God:
Gold:   233        SH:  4    Dex: 14    Spells: 6/10 levels left

rFire    . . .     SeeInvis .   a - +0 shortbow
rCold    . . .     Gourm    .   (shield currently unavailable)
rNeg     . . .     Faith    .   C - +1 robe {MR+}
rPois    .         Spirit   .   (no helmet)
rElec    .         Reflect  +   (no cloak)
rCorr    .         Harm     .   (no gloves)
MR       +....                  j - +0 centaur barding
Stlth    +.........             B - +4 amulet of reflection
HPRegen  0.22/turn              (no ring)
MPRegen  0.12/turn              (no ring)

@: very slightly contaminated, very quick
A: large, hooves 3, deformed body, speed 2, tough skin 3
a: no special abilities


You were on level 6 of the Dungeon.
You were very hungry.

You visited 1 branch of the dungeon, and saw 6 of its levels.

You collected 233 gold pieces.

Inventory:

Hand Weapons
 a - a +0 shortbow (weapon)
Missiles
 d - 30 arrows (quivered)
Armour
 j - a +0 centaur barding (worn)
 C - a +1 robe of magic resistance (worn)
Jewellery
 B - a +4 amulet of reflection (around neck)
Wands
 e - a wand of digging (11)
 w - a wand of enslavement (11)
Scrolls
 b - a scroll of fear {unknown}
 h - 2 scrolls of teleportation {unknown}
 i - 2 scrolls of fog {unknown}
 l - 4 scrolls of identify {unknown}
 m - a scroll of magic mapping {unknown}
 n - a scroll of enchant armour {unknown}
 o - a scroll of random uselessness {unknown}
 p - 4 scrolls of remove curse {unknown}
 t - a scroll of amnesia {unknown}
 v - 3 scrolls of enchant weapon {unknown}
 y - 4 scrolls of blinking {unknown}
Potions
 g - 4 potions of curing
 k - 2 potions of flight {unknown}
 q - 2 potions of mutation {unknown}
 r - 3 potions of heal wounds {unknown}
 s - 3 potions of degeneration {unknown}
 u - a potion of haste {unknown}
 x - 3 potions of brilliance {unknown}
 z - a potion of ambrosia {unknown}
Books
 c - a book of Debilitation

   Spells                             Type                      Level
   a - Corona                         Hexes                        1
   b - Slow                           Hexes                        2
   c - Inner Flame                    Hexes/Fire                   3
   d - Portal Projectile              Hexes/Translocation          3
   e - Cause Fear                     Hexes                        4
   f - Leda's Liquefaction            Hexes/Earth                  4
Comestibles
 f - 3 rations


   Skills:
 + Level 6.2 Fighting
 * Level 11.6 Bows
 - Level 1.3 Dodging
 - Level 1.0 Spellcasting
 - Level 5.1 Hexes
 + Level 3.3 Translocations


You had 6 spell levels left.
You knew the following spells:

 Your Spells              Type           Power        Failure   Level  Hunger
a - Corona                Hex            ##.....      3%          1    ##.....
b - Portal Projectile     Hex/Tloc       ##....       16%         3    ####...


Dungeon Overview and Level Annotations

Branches:
Dungeon (6/15)
 Temple: D:4-7

Altars:


Innate Abilities, Weirdness & Mutations

You have hooves in place of feet.
Armour fits poorly on your strangely shaped body.
You cover ground very quickly.
You have extremely tough skin. (AC +3)


Message History

The wyvern barely misses you.
Firing (i - inventory):
d - 33 arrows (quivered)
Press: ? - help, Shift-Dir - straight line, f/p - wyvern
Aim: a wyvern (severely wounded)
You shoot an arrow. The arrow barely misses the wyvern.
The wyvern bites you!
* * * LOW HITPOINT WARNING * * *
Firing (i - inventory):
d - 32 arrows (quivered)
Press: ? - help, Shift-Dir - straight line, f/p - wyvern
Aim: a wyvern (severely wounded)
You shoot an arrow. The arrow hits the wyvern.
The wyvern is almost dead.
The wyvern bites you.
* * * LOW HITPOINT WARNING * * *
Firing (i - inventory):
d - 31 arrows (quivered)
Press: ? - help, Shift-Dir - straight line, f/p - wyvern
Aim: a wyvern (almost dead)
You shoot an arrow. The arrow hits the wyvern.
The wyvern is almost dead.
The wyvern bites you!
You die...

###...#.# #..#
#.......####.# #..#
#...........# #..#
#...l...# ### #...
###>..#.######.########...
#.).#........##.........
##.#########....#####.#.
#.<.######............#.
#.#(.(l@.....##########.
#...######.### ##
##.#######.# #.........#
###########


You could see a wyvern.

Vanquished Creatures
  Pikel (D:4)
  The ghost of rzd the Poker, a novice MfSk of Wu Jian (D:5)
  A troll (D:6)
  Grinder (D:5)
  5 ogres
  A centaur (D:5)
  Blork the orc (D:5)
  A bullfrog (D:6)
  A scorpion (D:4)
  A howler monkey (D:6)
  A crimson imp (D:5)
  A hound (D:5)
  A jelly (D:6)
  An orc priest (D:3)
  2 orc wizards (D:3)
  A bullfrog skeleton (D:4)
  2 centaur skeletons (D:6)
  An iguana (D:6)
  A worker ant (D:6)
  A killer bee zombie (D:5)
  A hound skeleton (D:3)
  A howler monkey zombie (D:6)
  A worker ant zombie (D:6)
  3 gnolls (D:3)
  4 adders
  A river rat (D:5)
  3 shadow imps
  An ooze (D:2)
  3 worms
  2 dart slugs
  2 leopard geckos (D:4)
  9 orcs
  10 bats
  8 giant cockroaches
  6 goblins
  6 hobgoblins
  4 jackals
  A quokka (D:3)
  2 ball pythons
  3 frilled lizards
  A jackal skeleton (D:4)
  A jackal zombie (D:5)
  5 kobolds
  11 rats
  A plant (D:1)
116 creatures vanquished.

Vanquished Creatures (others)
  An ogre (D:4)
1 creature vanquished.

Grand Total: 117 creatures vanquished

Notes
Turn   | Place    | Note
-------+----------+-------------------------------------------
     0 | D:1      | Ivernyr the Centaur Arcane Marksman began the quest for the Orb.
     0 | D:1      | Reached XP level 1. HP: 16/16 MP: 2/2
   113 | D:1      | Reached skill level 3 in Bows
   364 | D:1      | Reached XP level 2. HP: 4/23 MP: 0/3
  1640 | D:2      | Reached XP level 3. HP: 27/28 MP: 0/4
  1848 | D:2      | Reached skill level 4 in Bows
  3372 | D:3      | Reached XP level 4. HP: 20/36 MP: 2/5
  3947 | D:3      | Reached skill level 5 in Bows
  4386 | D:3      | Reached XP level 5. HP: 22/42 MP: 6/6
  5068 | D:4      | Noticed a slave
  5071 | D:4      | Noticed a slave
  5124 | D:4      | Reached skill level 6 in Bows
  5133 | D:4      | Reached XP level 6. HP: 21/51 MP: 5/7
  5366 | D:4      | Learned a level 3 spell: Portal Projectile
  5399 | D:4      | Noticed Pikel
  5452 | D:4      | Killed Pikel
  5452 | D:4      | Reached skill level 8 in Bows
  5452 | D:4      | Reached XP level 7. HP: 18/59 MP: 8/8
  6007 | D:5      | Entered Level 5 of the Dungeon
  6059 | D:5      | Noticed rzd's ghost (novice MfSk)
  6094 | D:5      | Reached skill level 9 in Bows
  6156 | D:5      | Reached skill level 5 in Hexes
  6156 | D:5      | Reached XP level 8. HP: 52/67 MP: 7/9
  6351 | D:5      | Noticed Blork the orc
  6481 | D:5      | Killed Blork the orc
  6481 | D:5      | Reached skill level 5 in Fighting
  6614 | D:5      | Reached skill level 1 in Translocations
  7019 | D:5      | Reached skill level 10 in Bows
  7110 | D:5      | Got a transparent leather armour
  7218 | D:5      | Identified the +1 leather armour "Pusihoot" {rN+} (You found it on level 5 of the Dungeon)
  7365 | D:5      | Killed rzd's ghost
  7636 | D:5      | Noticed Grinder
  7654 | D:5      | Killed Grinder
  7912 | D:6      | Reached skill level 11 in Bows
  8015 | D:6      | Reached XP level 9. HP: 38/75 MP: 8/10
  9173 | D:6      | Noticed a troll
  9261 | D:6      | Killed a troll
  9615 | D:6      | HP: 3/75 [wyvern (3)]
  9616 | D:6      | Mangled by a wyvern

Skill      XL: |  1  2  3  4  5  6  7  8  9 |
---------------+----------------------------+-----
Bows           | 3 4 5 6 8 9 11 | 11.6
Hexes          | 3 4 5 |  5.1
Fighting       | 2 3 4 5 6 |  6.2
Translocations | 2 3 |  3.3
Dodging        | |  1.3
Spellcasting   | |  1.0

Action                   |  1- 3 |  4- 6 |  7- 9 || total
-------------------------+-------+-------+-------++-------
Melee: Unarmed           |   314 |    81 |   343 ||   738
       Kick              |    64 |    20 |    92 ||   176
       Shortbow          |       |     3 |       ||     3
 Fire: Shortbow          |     7 |    84 |   166 ||   257
 Cast: Corona            |    15 |    13 |    38 ||    66
       Portal Projectile |       |       |     2 ||     2
  Eat: Chunk             |     6 |     3 |    10 ||    19
       Ration            |       |     1 |     1 ||     2
Armor: Robe              |   195 |    49 |   170 ||   414
Dodge: Dodged            |   112 |    43 |   137 ||   292
Block: Other             |       |       |    62 ||    62
       Reflection        |       |       |     1 ||     1
